 Dungeon Crawl Stone Soup version 0.29.1-1-gd02db6906a (webtiles) character file.

Game seed: 18210052030787849158

43 NullDivider the Stinger (level 3, 0/21 HPs)
             Began as an Octopode Venom Mage on Sept 23, 2022.
             Slain by an orc
             ... wielding a +0 short sword
              (5 damage)
             ... on level 2 of the Dungeon.
             The game lasted 00:06:39 (1985 turns).

NullDivider the Stinger (Octopode Venom Mage)       Turns: 1985, Time: 00:06:40

Health: 0/21       AC:  1    Str:  7    XL:     3   Next: 58%
Magic:  6/6        EV: 13    Int: 19    God:
Gold:   95         SH:  0    Dex: 12    Spells: 0/6 levels left

rFire   . . .      SeeInvis .   h - +1 mace (holy)
rCold   . . .      Faith    .   (no shield)
rNeg    . . .      Spirit   .   (helmet restricted)
rPois   .          Reflect  .   (no amulet)
rElec   .          Harm     .   (no ring)
rCorr   .          Rampage  .   (no ring)
Will    .....                   (no ring)
Stlth   +++.......              (no ring)
HPRegen 0.07/turn               (no ring)
MPRegen 0.10/turn               (no ring)
                                (no ring)
                                (no ring)

@: no status effects
A: almost no armour, amphibious, 8 rings, camouflage 1, gelatinous body 1,
(nimble swimmer 1), tentacles
a: no special abilities


You were on level 2 of the Dungeon.
You visited 1 branch of the dungeon, and saw 3 of its levels.

You collected 95 gold pieces.

Inventory:

Hand Weapons
 h - a +1 mace of holy wrath (weapon)
Scrolls
 b - a scroll of silence {unknown}
 d - 3 scrolls of noise {unknown}
 f - a scroll of vulnerability {unknown}
 i - a scroll of fear {unknown}
 m - a scroll of butterflies {unknown}
 n - a scroll of summoning {unknown}
 p - a scroll of immolation {unknown}
Potions
 a - 3 potions of magic
 c - a potion of mutation {unknown}
 e - a potion of cancellation {unknown}
 g - 3 potions of curing {unknown}
 j - a potion of might {unknown}
 k - a potion of ambrosia {unknown}
 l - a potion of berserk rage {unknown}
 o - a potion of haste {unknown}


   Skills:
 * Level 2.4 Dodging
 * Level 3.4 Stealth
 * Level 2.3 Spellcasting
 + Level 0.4 Conjurations
 - Level 1.2 Transmutations
 + Level 0.3 Air Magic
 * Level 4.1 Poison Magic


You couldn't memorise any spells.
You knew the following spells:

 Your Spells              Type           Power      Damage    Failure   Level
a - Sting                 Tmut/Pois      48%        1d5       5%          1
b - Poisonous Vapours     Pois/Air       20%        N/A       10%         2
c - Mephitic Cloud        Conj/Pois/Air  8%         N/A       26%         3

Your spell library contained the following spells:

 Spells                   Type           Power      Damage    Failure   Level
 Olgreb's Toxic Radiance  Pois           17%        N/A       30%         4


Dungeon Overview and Level Annotations

Branches:
Dungeon (3/15)

Altars:
Sif Muna

Shops:
D:1 !


Innate Abilities, Weirdness & Mutations

You cannot wear most types of armour.
You are amphibious.
You can wear up to eight rings at the same time.
Your skin changes colour to match your surroundings (Stealth+).
Your rubbery body absorbs attacks. (AC +1, EV +1)
((You are camouflaged when in or above water. (Stealth+)))
You have tentacles for arms and can constrict up to eight enemies at once.


Message History

The orc's wounds heal themselves!
The goblin unwields a +0 club.
The goblin wields a +0 sling.
The goblin shoots a sling bullet.
The sling bullet barely misses you.
You hear a shout!
The orc looks more healthy.
The orc throws a stone.
The stone hits you.
Your magical contamination has completely faded away.
Found a leather armour.
There is a stone staircase leading up here.
The orc throws a stone.
The stone hits you.
The orc throws a stone.
The stone closely misses you.
The sting hits the orc.
The orc is poisoned.
The orc is severely wounded.
The orc priest mumbles some strange prayers to Beogh against you.
Beogh smites you!
You climb upwards.
There is a stone staircase leading down here.
You start resting.
Magic restored.
You start resting.
HP restored.
You climb downwards.
The orc misses you. The orc hits you with a +0 short sword.
The goblin shoots a sling bullet.
The sling bullet hits you.
There is a stone staircase leading up, spattered with blood here.
The orc misses you.
The orc priest looks encouraged for a moment.
The orc hits you with a +0 short sword.
You climb upwards.
There is a stone staircase leading down here.
You can't go up here!
You hit the orc. You grab the orc.
The orc is lightly wounded.
You constrict the orc. The orc hits you with a +0 mace. The orc misses you.
The orc hits you with a +0 mace.
* * * LOW HITPOINT WARNING * * *
The orc completely misses you.
You hit the orc. Your grab misses the orc. You squeeze the orc.
You kill the orc!
You constrict the orc. The orc hits you with a +0 short sword.
You die...

##.# #.....## #.............#####
##.# ##.....# #...###.###...# #
...# #.###.###.#.###.# #...# #
..#####.# #........##.# #...# #
#.##....###.###.#.#.#.###...#####
#.##........# #..###.............
#.##.......## #.#####............
#.##......## ##..##......<......
#.#......#######@...#####...####.
#..###.### #...o)...# #...# #.
#.## ##.# #.###.#.## #...# #. #.#
#.## #.# ##.## #...# #. #.##
##..###.######### #...# #.
##.###.#.....##......# #...# ##
##......######.####.# ##...###
##.##.## #.####.###......###
#....# #.................#


You could see an orc.

Vanquished Creatures
  An adder (D:2)
  A worm (D:2)
  A dart slug (D:1)
  An orc (D:2)
  2 ball pythons
  5 endoplasms
  A giant cockroach (D:3)
  3 goblins
  4 hobgoblins
  2 quokkas (D:2)
  3 bats
  3 frilled lizards
  A rat (D:2)
28 creatures vanquished.

Notes
Turn   | Place    | Note
-------+----------+-------------------------------------------
     0 | D:1      | NullDivider the Octopode Venom Mage began the quest for the
                  | Orb.
     0 | D:1      | Reached XP level 1. HP: 11/11 MP: 3/3
   203 | D:1      | Found Dohawn's Distillery.
   292 | D:1      | Reached XP level 2. HP: 17/17 MP: 3/5
   295 | D:1      | Learned a level 2 spell: Poisonous Vapours
   493 | D:1      | Found a faded altar of an unknown god.
   869 | D:2      | Reached skill level 4 in Poison Magic
  1052 | D:2      | Found a shimmering blue altar of Sif Muna.
  1073 | D:2      | Reached XP level 3. HP: 21/21 MP: 1/6
  1123 | D:2      | Learned a level 3 spell: Mephitic Cloud
  1985 | D:2      | Slain by an orc

Illustrated notes

Levels and vault maps discovered:
D:1:      dpeg_arrival_rooms_a, layout_basic, ebering_ecumenical_altar_box,
          serial_shops, nicolae_shop_crystal
D:2:      layout_loops_cross, basic_altar
D:3:      layout_rooms, chequers_temple_overflow_statue_of_worship,
          ebering_ghost_sewer_d

Skill      XL: |  1  2 |
---------------+-------+-----
Stealth        | 3 |  3.4
Poison Magic   | 4 |  4.1
Dodging        | |  2.4
Spellcasting   | |  2.3
Conjurations   | |  0.4
Transmutations | |  1.2
Air Magic      | |  0.3

Action                   || total
-------------------------++-------
Melee: Unarmed           ||     7
       Constrict         ||     2
       Mace              ||    14
       Tentacles         ||     5
 Cast: Sting             ||    40
       Poisonous Vapours ||     4
Armor: Skin              ||     2
Dodge: Dodged            ||    21
